 Dungeon Crawl Stone Soup version 0.25-a0-322-g3677130cb1 (webtiles) character file.

Game seed: 17126476953535501331, levelgen mode: deterministic

129 septik the Sneak (level 5, 0/34 HPs)
             Began as an Octopode Assassin on Dec 27, 2019.
             Killed by divine providence
             ... invoked by an orc priest
              (13 damage)
             ... on level 3 of the Dungeon.
             The game lasted 00:10:57 (2067 turns).

septik the Sneak (Octopode Assassin)                Turns: 2067, Time: 00:10:58

Health: 0/34       AC:  1    Str: 10    XL:     5   Next: 12%
Magic:  5/5        EV: 13    Int: 14    God:
Gold:   135        SH:  0    Dex: 12    Spells: 4/4 levels left

rFire    . . .     SeeInvis .   a - +2 dagger
rCold    . . .     Gourm    .   (no shield)
rNeg     . . .     Faith    .   (helmet restricted)
rPois    .         Spirit   .   (no amulet)
rElec    .         Reflect  .   f - -2 ring of dexterity (curse)
rCorr    .         Harm     .   (no ring)
MR       .....                  (no ring)
Stlth    ++++......             (no ring)
HPRegen  0.11/turn              (no ring)
MPRegen  0.09/turn              (no ring)
                                (no ring)
                                (no ring)

@: no status effects
A: almost no armour, stealthy swim, amphibious, 8 rings, constrict 8, camouflage
1, gelatinous body 1
a: no special abilities


You were on level 3 of the Dungeon.
You were hungry.

You visited 1 branch of the dungeon, and saw 3 of its levels.

You collected 135 gold pieces.

Inventory:

Hand Weapons
 a - a +2 dagger (weapon)
 k - a +3 quarterstaff of chaos
Missiles
 b - 8 poisoned darts (quivered)
 c - 2 curare-tipped darts
Jewellery
 f - a cursed -2 ring of dexterity (left tentacle)
Wands
 h - a wand of flame (18)
Scrolls
 e - 2 scrolls of teleportation
 j - a scroll of identify
 l - a scroll of fog {unknown}
Potions
 i - 2 potions of brilliance {unknown}
Comestibles
 d - 5 rations
 g - 5 chunks of flesh


   Skills:
 - Level 2.0 Fighting
 * Level 3.9 Short Blades
 - Level 2.0 Throwing
 + Level 2.4 Dodging
 + Level 6.3 Stealth


You had 4 spell levels left.
You didn't know any spells.
Your spell library was empty.

Dungeon Overview and Level Annotations

Branches:
Dungeon (3/15)

Altars:


Innate Abilities, Weirdness & Mutations

You cannot wear most types of armour.
You are very stealthy in the water. (Stealth+)
You are amphibious.
You can wear up to eight rings at the same time.
You can use your tentacles to constrict eight enemies at once.
Your skin changes colour to match your surroundings (Stealth+).
Your rubbery body absorbs attacks. (AC +1, EV +1)


Message History

The kobold throws a stone.
The stone barely misses you.
An orc comes into view.
The orc priest invokes the aid of Beogh against you.
Beogh smites you!
Things that are here:
a +0 trident; an orc corpse You hit the kobold.
Your grab misses the kobold.
The kobold is moderately wounded.
The kobold hits you with a +0 whip.
You hit the orc but do no damage. Your grab misses the orc.
The orc barely misses you. The orc closely misses you.
You see here a stone.
The orc hits you. The orc barely misses you.
Things that are here:
a +0 dagger; a goblin skeleton The orc priest mumbles some strange prayers to Beogh against you.
Beogh smites you!
You die...

......##...#
.......)..#
.......#o(####
......###....#
...... ##oo##
.###. ###)##
#..##.o.#
##...K###
##..@##
##...####
#.#.<..#
#.####.# #. ..
#. #.. .. ..
.. #


You could see 2 orc priests, an orc and a kobold.

Vanquished Creatures
  Crazy Yiuf (D:2)
  Jessica (D:2)
  2 adders
  3 oozes
  A dart slug (D:1)
  2 leopard geckos
  An orc (D:3)
  3 giant cockroaches
  4 hobgoblins
  5 jackals (D:1)
  A quokka (D:2)
  2 bats (D:1)
  6 goblins
  A kobold (D:1)
  7 rats
40 creatures vanquished.

Notes
Turn   | Place    | Note
-------+----------+-------------------------------------------
     0 | D:1      | septik the Octopode Assassin began the quest for the Orb.
     0 | D:1      | Reached XP level 1. HP: 14/14 MP: 1/1
    60 | D:1      | Reached XP level 2. HP: 19/19 MP: 2/2
   578 | D:1      | Reached XP level 3. HP: 14/24 MP: 3/3
  1264 | D:2      | Noticed Jessica
  1286 | D:2      | Killed Jessica
  1286 | D:2      | Reached skill level 6 in Stealth
  1286 | D:2      | Reached XP level 4. HP: 11/29 MP: 4/4
  1892 | D:2      | Found a runed translucent door.
  1893 | D:2      | Noticed Crazy Yiuf
  1900 | D:2      | Killed Crazy Yiuf
  1900 | D:2      | Reached XP level 5. HP: 34/34 MP: 5/5
  2067 | D:3      | Killed from afar by an orc priest

Levels and vault maps discovered:
D:1:      onia_arrival_handbag, layout_loops_ring, minmay_misc_feat_nine_boxes
D:2:      layout_rooms, first_ration, corexii_leaking_fountain,
          uniq_crazy_yiuf_cottage, uniq_jessica
D:3:      layout_rooms, nicolae_overflow_crystal_walls,
          gammafunk_ghost_mausoleum

Skill      XL: |  1  2  3 |
---------------+----------+-----
Short Blades   | 3 |  3.9
Dodging        | 2 |  2.4
Stealth        | 6 |  6.3
Fighting       | |  2.0
Throwing       | |  2.0

Action                   |  1- 3 |  4- 6 || total
-------------------------+-------+-------++-------
Melee: Dagger            |    69 |    24 ||    93
       Constrict         |    12 |     5 ||    17
       Tentacles         |     6 |     3 ||     9
  Use: Scroll            |     3 |     1 ||     4
       Potion            |     1 |       ||     1
 Stab: Sleeping          |    11 |     3 ||    14
  Eat: Chunk             |     1 |     2 ||     3
Armor: Skin              |     3 |       ||     3
Dodge: Dodged            |    54 |    12 ||    66

Table legend:
 A = Non-vault XP
 B = Vault XP
 C = Vault XP percentage of total XP
 D = Non-vault monster count
 E = Vault monster count
 F = Vault count percentage of total count
                 A         B        C        D         E       F
            +---------+---------+-------+---------+---------+-------
      Total |      92 |      93 |  50.3 |      34 |       6 |  15.0
            +---------+---------+-------+---------+---------+-------
        D:1 |      48 |      16 |  25.0 |      19 |       4 |  17.4
        D:2 |      39 |      77 |  66.4 |      13 |       2 |  13.3
        D:3 |       5 |       0 |   0.0 |       2 |       0 |   0.0
            +---------+---------+-------+---------+---------+-------
